 Dungeon Crawl Stone Soup version 0.31-a0-506-g3d79149578 (webtiles) character file.

Game seed: 437311973335347739

18974 Ethylacetat the Nimble (level 12, -12/87 HPs)
             Began as an Octopode Gladiator on Aug 9, 2023.
             Was an Initiate of Gozag.
             Killed from afar by a deep elf pyromancer (22 damage)
             ... with a bolt of fire
             ... on level 12 of the Dungeon.
             The game lasted 00:28:03 (11883 turns).

Ethylacetat the Nimble (Octopode Gladiator)        Turns: 11883, Time: 00:28:04

Health: -12/87     AC:  9    Str: 17    XL:     12   Next: 64%
Magic:  12/12      EV: 22    Int: 11    God:    Gozag
Gold:   629        SH:  5    Dex: 24    Spells: 11/11 levels left

rFire   . . .        M - +3 trident (venom)
rCold   + . .        (no shield)
rNeg    . . .        p - +2 hat
rPois   .            v - amulet of reflection
rElec   .            x - +6 ring of strength
rCorr   .            B - +6 ring of dexterity
SInv    .            H - +4 ring of protection
Will    .....        (no ring)
Stlth   +++++        (no ring)
HPRegen 0.34/turn    (no ring)
MPRegen 0.13/turn    (no ring)
                     (no ring)

%: reflection
@: gold aura
A: almost no armour, amphibious, 8 rings, camouflage 1, gelatinous body 1,
(nimble swimmer 1), tentacles, iridescent scales 1, cold resistance 1, weak 1
a: Renounce Religion, Potion Petition, Call Merchant, Bribe Branch


You were on level 12 of the Dungeon.
You worshipped Gozag.
Gozag was pleased with you.
You visited 1 branch of the dungeon, and saw 12 of its levels.

You collected 2315 gold pieces.
You spent 800 gold pieces at shops.
You paid 886 gold pieces to Gozag.

Inventory:

Hand Weapons
 q - a +2 dagger of holy wrath
 M - a +3 trident of venom (weapon)
Missiles
 c - a throwing net (quivered)
 d - 7 javelins
Armour
 p - a +2 hat (worn)
Jewellery
 v - an amulet of reflection (around mantle)
 x - a +6 ring of strength (left tentacle)
 B - a +6 ring of dexterity (right tentacle)
 H - a +4 ring of protection (on tentacle)
Talismans
 u - a granite talisman
Wands
 l - a wand of paralysis (15)
 E - a wand of polymorph (1)
 K - a wand of flame (4)
Scrolls
 a - 2 scrolls of amnesia {unknown}
 e - 2 scrolls of vulnerability {unknown}
 f - a scroll of enchant armour {unknown}
 h - 2 scrolls of fear {unknown}
 n - a scroll of immolation {unknown}
 o - 3 scrolls of poison {unknown}
 r - 5 scrolls of identify {unknown}
 s - 3 scrolls of summoning {unknown}
 t - 5 scrolls of teleportation {unknown}
 w - 2 scrolls of brand weapon {unknown}
 C - a scroll of blinking {unknown}
 D - a scroll of noise {unknown}
 F - a scroll of fog {unknown}
Potions
 g - a potion of brilliance {unknown}
 i - 2 potions of attraction
 j - a potion of might {unknown}
 k - 2 potions of lignification
 m - 2 potions of haste
 z - a potion of berserk rage {unknown}
 A - a potion of magic {unknown}
 G - 2 potions of enlightenment
 J - a potion of invisibility {unknown}
 L - a potion of ambrosia


   Skills:
 - Level 9.9 Fighting
 - Level 4.3 Long Blades
 - Level 9.0 Polearms
 - Level 2.0 Throwing
 - Level 10.1 Dodging
 - Level 6.1 Stealth
 * Level 9.7 Shapeshifting


You had 11 spell levels left.
You didn't know any spells.
Your spell library contained the following spells:

 Spells                   Type           Power      Damage    Failure   Level
 Sting                    Tmut/Pois      0%         1d3       34%         1
 Summon Small Mammal      Summ           0%         N/A       34%         1
 Poisonous Vapours        Pois/Air       0%         N/A       47%         2
 Call Canine Familiar     Summ           0%         N/A       71%         3
 Mephitic Cloud           Conj/Pois/Air  0%         N/A       71%         3
 Portal Projectile        Hex/Tloc       0%         N/A       71%         3
 Summon Guardian Golem    Hex/Summ       0%         N/A       71%         3
 Leda's Liquefaction      Hex/Erth       0%         N/A       98%         4
 Olgreb's Toxic Radiance  Pois           0%         N/A       98%         4
 Freezing Cloud           Conj/Ice/Air   0%         6-21      100%        5
 Orb of Destruction       Conj           0%         9d5       100%        7
 Spellforged Servitor     Conj/Summ      0%         N/A       100%        7


Dungeon Overview and Level Annotations

Branches:
Dungeon (12/15)            Temple (0/1) D:6            Lair (0/5) D:9
    Orc (0/2) D:9

Altars:
Cheibriados
Dithmenos
Elyvilon
Fedhas
Gozag
Makhleb
Nemelex Xobeh
Okawaru
Qazlal
Ru
Xom
Yredelemnul

Shops:
D:1 *   D:9 :   D:10 =

Portals:
Trove: D:10 (give 2 scrolls of acquirement)

Annotations:
D:11 3 runed translucent doors


Innate Abilities, Weirdness & Mutations

You cannot wear most types of armour.
You are amphibious.
You can wear up to eight rings at the same time.
Your skin changes colour to match your surroundings (Stealth+).
Your rubbery body absorbs attacks. (AC +1, EV +1)
((You are camouflaged when in or above water. (Stealth+)))
You have tentacles for arms and can constrict up to eight enemies at once.
You are partially covered in iridescent scales. (AC +2)
Your flesh is cold resistant. (rC+)
You are weak. (Str -2)


Message History

* * * LOW HITPOINT WARNING * * *
Reach: M) +3 trident (venom)
Press: ? - help, Dir - move target, f/p - deep elf pyromancer
Aim: a deep elf pyromancer, wielding a +0 short sword and wearing a +0 leather armour (moderately wounded, very poisoned, about 35% to evade your +3 trident of venom)
You reach to attack!
You puncture the deep elf pyromancer!
The deep elf pyromancer is heavily wounded.
The deep elf pyromancer mumbles some strange words.
The fire elemental closely misses you.
Reach: M) +3 trident (venom)
Press: ? - help, Dir - move target, f/p - deep elf pyromancer
Aim: a deep elf pyromancer, wielding a +0 short sword and wearing a +0 leather armour (heavily wounded, very poisoned, about 35% to evade your +3 trident of venom)
You reach to attack!
You barely miss the deep elf pyromancer.
The deep elf pyromancer is heavily wounded.
The fire elemental completely misses you.
The deep elf pyromancer mumbles some strange words.
The deep elf pyromancer blinks!
Reach: M) +3 trident (venom)
Press: ? - help, Dir - move target, f/p - deep elf pyromancer
Aim: a deep elf pyromancer, wielding a +0 short sword and wearing a +0 leather armour (heavily wounded, very poisoned, about 35% to evade your +3 trident of venom)
You reach to attack!
You puncture the deep elf pyromancer!
The deep elf pyromancer is severely wounded.
You block the fire elemental's attack.
Reach: M) +3 trident (venom)
Press: ? - help, Dir - move target, f/p - deep elf pyromancer
Aim: a deep elf pyromancer, wielding a +0 short sword and wearing a +0 leather armour (severely wounded, very poisoned, about 35% to evade your +3 trident of venom)
You reach to attack!
You closely miss the deep elf pyromancer.
The deep elf pyromancer is severely wounded.
The fire elemental completely misses you.
The fire elemental is distracted by your dazzling golden aura.
You barely miss the deep elf pyromancer.
Your grab misses the deep elf pyromancer.
The deep elf pyromancer is severely wounded.
The fire elemental hits you. The fire elemental burns you!
* * * LOW HITPOINT WARNING * * *
The deep elf pyromancer points at you and mumbles some strange words.
The bolt of fire hits you!!
You die...
Your body crumbles into a pile of gold.

#+######### ..........#
###+##### ..........#
#........ . ..........#
#○....... .'
..........#####○.....°.
# ##
..........##.EE.$......
..........'e@##°.......
.......)..#####...?....
..........# #......°.
#######'### #########
#..# #)## #.# # ##.# #
#.)# +


You could see a deep elf pyromancer (poisoned) and 2 fire elementals.

Vanquished Creatures
  Gastronok (D:12)
  Nessos (D:12)
  Snorg (D:11)
  3 boulder beetles (D:12)
  A two-headed ogre (D:11)
  Nergalle (D:12)
  A cyclops (D:11)
  A black mamba (D:9)
  A komodo dragon (D:9)
  2 unseen horrors (D:11)
  A polar bear (D:11)
  A queen bee (D:9)
  Grinder (D:6)
  5 trolls
  2 hornets
  Sigmund (D:3)
  10 slime creatures
  A shadow (D:9)
  2 vampires (D:10)
  14 yaks
  A wraith (D:12)
  3 vampire mosquitoes (D:11)
  A human (D:5)
  A steam dragon (D:9)
  Edmund (D:4)
  An acid dragon (D:8)
  A water moccasin (D:8)
  An ice beast (D:5)
  5 orc warriors
  A sky beast (D:7)
  3 ogres
  2 black bears
  4 centaurs
  2 phantoms
  A kobold brigand (D:8)
  3 bullfrogs (D:7)
  2 gnoll sergeants
  3 scorpions
  17 killer bees (D:9)
  6 howler monkeys
  2 jellies (D:5)
  Crazy Yiuf (D:4)
  2 gnoll boudas
  2 hounds
  4 orc priests
  2 iguanas
  16 orc wizards
  20 gnolls
  7 adders
  A shadow imp (D:8)
  2 white imps
  An ufetubus (D:7)
  4 worms
  5 dart slugs
  46 orcs
  8 bats
  6 endoplasms
  4 giant cockroaches
  7 goblins
  5 hobgoblins
  A jackal (D:11)
  15 kobolds
  6 quokkas
  8 ball pythons
  5 frilled lizards
  5 rats
295 creatures vanquished.

Vanquished Creatures (others)
  5 dream sheep (D:5)
5 creatures vanquished.

Grand Total: 300 creatures vanquished

Notes
Turn   | Place    | Note
-------+----------+-------------------------------------------
     0 | D:1      | Ethylacetat the Octopode Gladiator began the quest for the
                  | Orb.
     0 | D:1      | Reached XP level 1. HP: 14/14 MP: 1/1
   152 | D:1      | Found Voop's General Store.
   156 | D:1      | Reached skill level 1 in Stealth
   156 | D:1      | Reached XP level 2. HP: 14/19 MP: 2/2
   632 | D:1      | Reached XP level 3. HP: 25/25 MP: 3/3
   746 | D:1      | Found a faded altar of an unknown god.
   746 | D:1      | Noticed a sun demon
  1065 | D:2      | Reached XP level 4. HP: 26/30 MP: 4/4
  1787 | D:3      | Reached XP level 5. HP: 20/36 MP: 5/5
  1981 | D:3      | Found a shadowy altar of Dithmenos.
  2018 | D:3      | Noticed Sigmund
  2028 | D:3      | Killed Sigmund
  2029 | D:3      | Reached skill level 4 in Dodging
  2029 | D:3      | Reached XP level 6. HP: 28/43 MP: 6/6
  2395 | D:4      | Found a runed translucent door.
  2396 | D:4      | Noticed Crazy Yiuf
  2416 | D:4      | Reached skill level 1 in Polearms
  2416 | D:4      | Reached XP level 7. HP: 43/48 MP: 7/7
  2429 | D:4      | Killed Crazy Yiuf
  2604 | D:4      | Noticed Edmund
  2611 | D:4      | Killed Edmund
  2612 | D:4      | Reached skill level 5 in Stealth
  2781 | D:4      | Reached skill level 5 in Dodging
  3019 | D:4      | Found a burning altar of Makhleb.
  3027 | D:4      | You fall into a shaft and drop 1 floor!
  3027 | D:5      | Entered Level 5 of the Dungeon
  3028 | D:5      | Found a runed translucent door.
  3031 | D:5      | Noticed a human
  3032 | D:5      | Found a basalt altar of Yredelemnul.
  3044 | D:5      | Killed a human
  3045 | D:5      | Reached XP level 8. HP: 49/54 MP: 8/8
  3196 | D:5      | Reached skill level 5 in Fighting
  3407 | D:5      | Found a sparkling altar of Nemelex Xobeh.
  3478 | D:5      | Reached skill level 6 in Dodging
  3505 | D:5      | Noticed a dream sheep
  3505 | D:5      | Noticed a dream sheep
  3505 | D:5      | Noticed a dream sheep
  3505 | D:5      | Noticed a dream sheep
  3505 | D:5      | Noticed a dream sheep
  3505 | D:5      | Found a shimmering altar of Xom.
  3509 | D:5      | Killed a dream sheep
  3509 | D:5      | Killed a dream sheep
  3509 | D:5      | Killed a dream sheep
  3510 | D:5      | Killed a dream sheep
  3510 | D:5      | Killed a dream sheep
  3756 | D:6      | Noticed Grinder
  3765 | D:6      | Killed Grinder
  3766 | D:6      | Reached XP level 9. HP: 15/62 MP: 9/9
  4008 | D:6      | Reached skill level 5 in Polearms
  4074 | D:6      | Found a snail-covered altar of Cheibriados.
  4074 | D:6      | Found a white marble altar of Elyvilon.
  4136 | D:6      | Found an opulent altar of Gozag.
  4264 | D:6      | Became a worshipper of Gozag Ym Sagoz the Greedy
  4372 | D:6      | HP: 1/94 [orc/+0 mace (5)]
  4373 | D:6      | Gained mutation: Your flesh is cold resistant. (rC+)
                  | [potion of mutation]
  4373 | D:6      | Gained mutation: You are partially covered in iridescent
                  | scales. (AC +2) [potion of mutation]
  4373 | D:6      | Gained mutation: You are weak. (Str -2) [potion of
                  | mutation]
  4382 | D:6      | Reached skill level 7 in Dodging
  4656 | D:6      | Found a staircase to the Ecumenical Temple.
  5298 | D:7      | Found a blossoming altar of Fedhas.
  5525 | D:7      | Found an iron altar of Okawaru.
  5569 | D:8      | Reached skill level 8 in Dodging
  5574 | D:8      | Reached XP level 10. HP: 67/72 MP: 10/10
  6172 | D:8      | Found a sacrificial altar of Ru.
  6172 | D:8      | Found a stormy altar of Qazlal.
  6815 | D:9      | Found a staircase to the Orcish Mines.
  6828 | D:9      | Reached skill level 9 in Dodging
  6912 | D:9      | Noticed a two-headed ogre
  6919 | D:9      | a two-headed ogre changed into a black mamba
  6919 | D:9      | Noticed a black mamba
  6929 | D:9      | Killed a black mamba
  6951 | D:9      | Found a staircase to the Lair.
  7286 | D:9      | Reached XP level 11. HP: 70/80 MP: 11/11
  7465 | D:9      | Found Edap's Book Boutique.
  7662 | D:10     | Entered Level 10 of the Dungeon
  7662 | D:10     | Found a portal to a secret trove of treasure.
  7718 | D:9      | Reached skill level 10 in Dodging
  8477 | D:10     | Found Vapp's Jewellery Boutique.
  8491 | D:10     | Bought a granite talisman for 800 gold pieces
  8738 | D:11     | Found a sacrificial altar of Ru.
  8776 | D:11     | Reached skill level 1 in Shapeshifting
  9381 | D:11     | Noticed a two-headed ogre
  9397 | D:11     | Killed a two-headed ogre
  9603 | D:11     | Found a runed translucent gate.
  9604 | D:11     | Found a runed translucent gate.
  9605 | D:11     | Found a runed translucent gate.
  9605 | D:11     | Noticed a manticore
  9608 | D:11     | Noticed a death yak
  9608 | D:11     | Noticed a manticore
  9608 | D:11     | Noticed a manticore
  9634 | D:11     | Noticed a cyclops
  9643 | D:11     | Killed a cyclops
  9644 | D:11     | Reached skill level 5 in Shapeshifting
 10131 | D:11     | HP: 4/81 [something (6)]
 10375 | D:11     | Noticed Snorg
 10392 | D:11     | Killed Snorg
 10961 | D:12     | Noticed Erolcha
 10964 | D:12     | Erolcha changed into Erolcha the polar bear
 10964 | D:12     | Noticed Erolcha
 10977 | D:11     | Killed Erolcha the polar bear
 10989 | D:12     | Reached XP level 12. HP: 68/87 MP: 12/12
 11064 | D:12     | Noticed a boulder beetle
 11065 | D:12     | Noticed a two-headed ogre
 11072 | D:12     | a boulder beetle changed into an ice dragon
 11072 | D:12     | Noticed an ice dragon
 11074 | D:12     | an ice dragon changed into a death drake
 11161 | D:12     | Noticed Gastronok
 11178 | D:12     | HP: 4/87 [Gastronok (36)]
 11181 | D:12     | Killed Gastronok
 11283 | D:12     | Noticed a boulder beetle
 11292 | D:12     | Killed a boulder beetle
 11464 | D:12     | Noticed a boulder beetle
 11467 | D:12     | Noticed Nergalle
 11467 | D:12     | Noticed a boulder beetle
 11478 | D:12     | Killed Nergalle
 11494 | D:12     | Killed a boulder beetle
 11507 | D:12     | Killed a boulder beetle
 11853 | D:12     | Noticed Nessos
 11871 | D:12     | Killed Nessos
 11883 | D:12     | Killed from afar by a deep elf pyromancer

Illustrated notes

Levels and vault maps discovered:
D:1:      dpeg_arrival_tiny_d, layout_loops_corners,
          dreamdust_ecumenical_altar_sealed_demon, serial_shops,
          nicolae_shop_hallway_plus
D:2:      layout_rooms
D:3:      layout_loops_ring, mainiacjoe_overflow_concentric_impassable,
          uniq_sigmund
D:4:      layout_loops_ring, zin_statuary, makhleb_altar_promises_db,
          uniq_crazy_yiuf_cottage, uniq_edmund
D:5:      layout_rooms, kb_xom_exploding_sheep, mainiacjoe_overflow_alcove_2,
          dk_yredelemnul_ordeal, serial_curves, eino_curves_04, eino_curves_01,
          minmay_curled_crystal
D:6:      layout_loops_ring, grunt_gozag_breadcrumbs,
          gammafunk_temple_overflow_elements, temple_hall, uniq_grinder
D:7:      layout_rooms, fedhas_altar_2, marbit_many_paths
D:8:      layout_loops_ring, gammafunk_temple_overflow_wave
D:9:      layout_loops_ring, david_lair_shrubbed, orc_david_3, serial_shops,
          shop, minivault_7
D:10:     layout_loops_cross, nicolae_trove_entry_isolated, serial_shops,
          nicolae_shop_hallway_stairs
D:11:     lemuel_bear_cage, layout_grid_maze,
          nicolae_ru_great_annihilating_truth, uniq_snorg
D:12:     layout_roguey, uniq_erolcha, uniq_nessos, uniq_gastronok,
          uniq_nergalle

Skill      XL: |  1  2  3  4  5  6  7  8  9 10 11 12 |
---------------+-------------------------------------+-----
Stealth        | 1 2 3 4 6 |  6.1
Fighting       | 3 4 6 7 9 |  9.9
Long Blades    | 4 |  4.3
Dodging        | 4 5 6 8 9 10 | 10.1
Polearms       | 1 2 4 6 8 9 |  9.0
Shapeshifting  | 6 9 |  9.7
Throwing       | |  2.0

Action                     |  1- 3 |  4- 6 |  7- 9 | 10-12 || total
---------------------------+-------+-------+-------+-------++-------
  Melee: Long sword        |    64 |    55 |       |       ||   119
         Constrict         |    14 |    24 |    35 |    59 ||   132
         Tentacles         |    13 |    18 |    48 |   153 ||   232
         Punch             |       |     2 |     4 |    10 ||    16
         Dagger            |       |    13 |       |     4 ||    17
         Trident           |       |    14 |   212 |   565 ||   791
  Throw: Dart              |       |       |       |     2 ||     2
         Throwing net      |       |       |       |     2 ||     2
 Invoke: Potion Petition   |       |       |       |     2 ||     2
  Evoke: Wand              |       |       |     1 |    12 ||    13
    Use: Potion            |       |       |     6 |     6 ||    12
   Stab: Sleeping          |    10 |    15 |    17 |    17 ||    59
         Distracted        |       |     1 |     1 |    10 ||    12
         Held in net/web   |       |       |       |     4 ||     4
         Invisible         |       |       |       |     2 ||     2
         Paralysed         |       |       |       |     1 ||     1
 Armour: Skin              |    14 |     3 |    23 |    56 ||    96
  Dodge: Dodged            |    47 |    52 |    91 |   340 ||   530
  Block: Other             |       |       |     4 |    85 ||    89
         Reflection        |       |       |       |     3 ||     3

Table legend: (Time is in decaauts)
 A = Elapsed time spent in this place.
 B = Non-inter-level travel time spent in this place.
 C = Inter-level travel time spent in this place.
 D = Time resting spent in this place.
 E = Time spent auto-exploring this place.
 F = Levels seen in this place.
 G = Mean time per level.
                   A        B        C        D        E       F      G
               +--------+--------+--------+--------+--------+-----+--------+
         Total |  11903 |  11639 |    264 |    992 |   8573 |  12 |  991.9 |
       Dungeon |  11903 |  11639 |    264 |    992 |   8573 |  12 |  991.9 |
               +--------+--------+--------+--------+--------+-----+--------+

Top non-repeatable levels by time:
    D:11: 2134 daAuts
     D:9: 1360 daAuts
     D:6: 1296 daAuts
    D:10: 993 daAuts
     D:1: 963 daAuts
     D:8: 938 daAuts
    D:12: 896 daAuts
     D:3: 765 daAuts
     D:5: 699 daAuts
     D:4: 697 daAuts
     D:2: 636 daAuts
     D:7: 522 daAuts
